 Dungeon Crawl Stone Soup version 0.31-a0-806-g0bc164a743 (webtiles) character file.

Game seed: 8216603559831900617

38794 avis the Nimble (level 13, 0/66 HPs)
             Began as a Felid Shapeshifter on Sept 20, 2023.
             Was an Initiate of Gozag.
             Succumbed to a cane toad's poison
             ... on level 4 of the Lair of Beasts on Sept 21, 2023.
             The game lasted 02:07:43 (20614 turns).

avis the Nimble (Felid Shapeshifter)               Turns: 20614, Time: 02:07:44

Health: 0/66       AC:  7    Str: 12    XL:     13   Next: 65%
Magic:  14/14      EV: 27    Int: 13    God:    Gozag
Gold:   2197       SH:  0    Dex: 17    Spells: 8/12 levels left
                                        Lives:  0   Deaths: 5

rFire   x .          .
                       - Unarmed
rCold   + . .        (shield unavailable)
rNeg    . . .        (body armour unavailable)
rPois   .            (helmet unavailable)
rElec   +            (cloak unavailable)
rCorr   .            (gloves unavailable)
SInv    +            (boots unavailable)
Will    ++...        c - amulet of Zatsuq {rElec rF- Will+ Regen+}
Stlth   ++           i - +4 ring of protection
HPRegen 1.11/turn    M - ring of Shadows {Umbra +Inv Stlth+}
MPRegen 0.14/turn

%: no passive effects
@: lethally poisoned (0 -> -4), flux-form, glowing, quick
A: glow, contaminating, very small, claws 1, fangs 3, see invisible, speed 1,
shaggy fur 3, stealthy paws, no weapons or thrown items, no armour, multi-lived
a: Begin Untransformation, Renounce Religion, Evoke Invisibility, Potion
Petition, Call Merchant, Bribe Branch


You were on level 4 of the Lair of Beasts.
You worshipped Gozag.
Gozag was most pleased with you.
You were something dangerously unstable.
You visited 3 branches of the dungeon, and saw 15 of its levels.
You also visited: Sewer and Gauntlet.

You collected 3483 gold pieces.
You spent 714 gold pieces at shops.
You paid 572 gold pieces to Gozag.

Inventory:

Jewellery
 c - the amulet of Zatsuq (around neck) {rElec rF- Will+ Regen+}
   (You found it in a Gauntlet)

   [amulet of regeneration]

   rF-:       It makes you vulnerable to fire.
   rElec:     It insulates you from electricity.
   Will+:     It increases your willpower.
   Regen+:    It increases your rate of health regeneration.
 e - an amulet of faith
 h - a ring of wizardry
 i - a +4 ring of protection (left paw)
 o - the ring of Kindness {rPois rN+ MP-9 Dex+9}
   (You found it in a Gauntlet)

   [ring of poison resistance]

   Dex+9:     It affects your dexterity (+9).
   rPois:     It protects you from poison rN+: It protects you from negative
   energy.
   MP-9:      It affects your magic capacity (-9).
 y - a ring of protection from cold
 C - a +6 ring of strength
 F - a +6 ring of dexterity
 M - the ring of Shadows (right paw) {Umbra +Inv Stlth+}
   (You found it on level 4 of the Lair of Beasts)

   [ring of stealth]

   Umbra:     It surrounds you with an aura of shadow, increasing your stealth
   and reducing the accuracy of all others within it.
   +Inv:      It lets you turn invisible.
   Stlth+:    It makes you more stealthy.
 N - an amulet of regeneration
Talismans
 b - a beast talisman
 f - a flux talisman (active)
 E - a maw talisman
Wands
 j - a wand of paralysis (7)
 x - a wand of flame (55)
 D - a wand of iceblast (22)
 H - a wand of polymorph (11)
Scrolls
 a - a scroll of revelation
 k - 2 scrolls of blinking {unknown}
 l - 5 scrolls of teleportation
 m - 3 scrolls of fog
 p - 4 scrolls of fear
 q - 3 scrolls of immolation {unknown}
 z - a scroll of enchant weapon {unknown}
 A - 2 scrolls of vulnerability {unknown}
 I - a scroll of amnesia {unknown}
 J - 3 scrolls of silence {unknown}
 K - a scroll of identify
 L - a scroll of noise
Potions
 d - 2 potions of enlightenment
 g - 2 potions of might {unknown}
 n - 3 potions of cancellation
 r - 3 potions of brilliance {unknown}
 s - 2 potions of haste {unknown}
 t - a potion of invisibility {unknown}
 u - 2 potions of magic
 v - 2 potions of resistance
 w - 3 potions of mutation
 B - a potion of degeneration {unknown}
 G - 2 potions of lignification
 O - a potion of curing


   Skills:
 - Level 13.0 Fighting
 * Level 14.2 Dodging
 - Level 5.0 Stealth
 - Level 10.0 Unarmed Combat
 - Level 3.0 Evocations
 - Level 14.0 Shapeshifting


You had 8 spell levels left.
You knew the following spells:

 Your Spells              Type           Power      Damage    Failure   Level
v - Vhi's Electric Charg  Tloc/Air       0%         N/A       97%         4

Your spell library contained the following spells:

 Spells                   Type           Power      Damage    Failure   Level
 Shock                    Conj/Air       0%         1d3       30%         1
 Slow                     Hex            0%         N/A       30%         1
 Ensorcelled Hibernation  Hex/Ice        0%         N/A       43%         2
 Passwall                 Tmut/Erth      0%         N/A       43%         2
 Confusing Touch          Hex            0%         N/A       67%         3
 Ignite Poison            Fire/Tmut/Pois 0%         N/A       67%         3
 Sigil of Binding         Hex            0%         N/A       67%         3
 Swiftness                Air            0%         N/A       67%         3
 Vampiric Draining        Necr           0%         2d6       67%         3
 Airstrike                Air            0%         2d(0-16)  97%         4
 Sticky Flame             Conj/Fire      0%         2d3       97%         4
 Arcjolt                  Conj/Air       0%         1d10      100%        5
 Silence                  Hex/Air        0%         N/A       100%        5
 Summon Forest            Summ/Tloc      0%         N/A       100%        5
 Eringya's Noxious Bog    Tmut/Pois      0%         4d6       100%        6
 Plasma Beam              Fire/Air       0%         2x1d10    100%        6
 Summon Hydra             Summ           0%         N/A       100%        7
 Discord                  Hex            0%         N/A       100%        8
 Ignition                 Fire           0%         3d3       100%        8


Dungeon Overview and Level Annotations

Branches:
Dungeon (9/15)             Temple (1/1) D:4            Lair (5/5) D:9
 Shoals (0/4) Lair:2       Spider (0/4) Lair:3        Slime (0/5) Lair:4
    Orc (0/2) D:9           Sewer (visited)         Gauntlet (visited)

Altars:
Ashenzari
Cheibriados
Dithmenos
Elyvilon
Fedhas
Gozag
Hepliaklqana
Kikubaaqudgha
Makhleb
Nemelex Xobeh
Okawaru
Qazlal
Ru
Sif Muna
Trog
Uskayaw
Vehumet
Wu Jian
Xom
Yredelemnul
Zin
The Shining One
Jiyva

Shops:
D:8 *   Lair:1 :

Portals:
Abyss: D:8

Annotations:
D:1 Natasha
D:8 2 transporters
Lair:2 2 transporters


Innate Abilities, Weirdness & Mutations

You are something dangerously unstable.
You glow with magical radiation, making you easy to see and hit.
Foes you strike become dangerously contaminated with magical radiation.
You have sharp claws.
You have razor-sharp teeth.
You have supernaturally acute eyesight. (SInv)
You cover ground quickly. (Speed+)
Your thick and shaggy fur keeps you warm. (AC +3, rC+)
Your paws help you pounce on unaware monsters.
You are incapable of wielding weapons or throwing items.
You cannot wear armour.
You gain extra lives every three experience levels.


Message History

You feel sick.
The cane toad croaks.
There is a stone staircase leading up, spattered with blood here.
You see here 9 gold pieces.
You feel sick.
The water moccasin completely misses you.
You climb upwards.
You feel sick.
You are no longer poisoned.
There is a stone staircase leading down, spattered with blood here.
You scratch the water moccasin.
The water moccasin begins to glow.
The water moccasin is lightly wounded.
The water moccasin closely misses you. The water moccasin misses you.
You claw the water moccasin!
The water moccasin glows dangerously bright.
Your bite misses the water moccasin.
The water moccasin is heavily wounded.
The water moccasin bites you.
You claw the water moccasin!
The water moccasin shudders as magic cascades through it!!
You kill the water moccasin!
You now have 2197 gold pieces (gained 8).
There is a stone staircase leading down, spattered with blood here.
You start resting.
HP restored.
You climb downwards.
The cane toad misses you. The cane toad stings you!!
You are poisoned.
The cane toad poisons you! The polar bear bites you!
The polar bear completely misses you. The polar bear misses you.
The cane toad barely misses you.
There is a stone staircase leading up, spattered with blood here.
You see here 9 gold pieces.
You feel very sick. The cane toad misses you. The polar bear misses you.
The polar bear claws you but does no damage.
The polar bear barely misses you. The cane toad stings you.
The cane toad stings you!!
* * * LOW HITPOINT WARNING * * *
You climb upwards.
You die...
Your body crumbles into a pile of gold.

...............................[.
....P....<................#P.....
[............#...................
...........######................
(..........#....#................
.................................
..##.....)...>...................
..#............Fh................
#.....##........pF......P_P......
#...##.......#P[.............[...
#...###....####..................
#..#......#.##...................
###.....#.###....................
###...#####........##...........
#P....##......#....#............
##.#..........##..####..........
#..##..##.....###.P##...........


You could see a polar bear and 2 cane toads.

Vanquished Creatures
  Gastronok (Lair:3)
  A minotaur (Gauntlet)
  Snorg (Lair:4)
  3 hydras
  A ghost crab (Gauntlet)
  2 boulder beetles (Lair:4)
  A death yak (Lair:5)
  Urug (Lair:4)
  An obsidian statue (Gauntlet)
  A deep troll (Lair:4)
  2 oklob plants
  4 elephants
  5 gargoyles (D:8)
  A torpor snail (Lair:2)
  4 black mambas
  8 cane toads
  Jeremiah (Lair:1)
  4 komodo dragons
  An unseen horror (D:9)
  4 rime drakes
  A polar bear (Lair:2)
  A troll (D:9)
  Grinder (D:4)
  A meliai (Lair:3)
  24 blink frogs
  A snapping turtle (Lair:2)
  6 dream sheep
  8 wyverns
  2 basilisks
  Eustachio (D:5)
  23 yaks
  A steam dragon (D:7)
  2 vampire mosquitoes (D:7)
  Menkaure (D:3)
  12 water moccasins
  2 orc warriors
  A sky beast (D:8)
  2 black bears
  2 ice beasts
  4 ogres
  16 wolves
  4 centaurs
  3 phantoms
  22 bullfrogs
  3 kobold brigands
  A gnoll sergeant (D:9)
  2 scorpions
  15 wights
  7 killer bees
  3 electric eels
  3 howler monkeys
  2 jellies (D:6)
  7 hounds
  7 orc priests
  Ijyb (D:4)
  A sleepcap (D:6)
  2 iguanas
  13 orc wizards
  10 hell rats (Lair:1)
  10 adders
  12 gnolls
  11 river rats (Lair:1)
  3 shadow imps
  4 white imps (D:6)
  An ufetubus (D:4)
  4 worms
  2 dart slugs
  39 orcs
  8 ball pythons
  8 endoplasms
  3 giant cockroaches
  10 goblins
  7 hobgoblins
  15 jackals
  11 quokkas
  5 bats
  3 frilled lizards
  21 kobolds
  18 rats
460 creatures vanquished.

Notes
Turn   | Place    | Note
-------+----------+-------------------------------------------
     0 | D:1      | avis the Felid Shapeshifter began the quest for the Orb.
     0 | D:1      | Reached XP level 1. HP: 9/9 MP: 2/2
    30 | D:1      | Found a faded altar of an unknown god.
   102 | D:1      | Reached XP level 2. HP: 5/13 MP: 3/3
   566 | D:1      | Reached XP level 3. HP: 16/16 MP: 4/4
  1116 | D:2      | Noticed Natasha
  1168 | D:1      | Killed from afar by Natasha
  1319 | D:2      | Reached XP level 4. HP: 8/21 MP: 5/5
  1565 | D:2      | Reached skill level 5 in Dodging
  1807 | D:2      | Reached XP level 5. HP: 21/24 MP: 6/6
  2457 | D:3      | Found a glowing drain.
  2462 | Sewer    | Entered a sewer
  2618 | Sewer    | Reached skill level 1 in Stealth
  2821 | D:3      | Gained mutation: You are covered in thick fur. (AC +2)
                  | [Felid growth]
  2821 | D:3      | Reached XP level 6. HP: 28/28 MP: 7/7
  2896 | D:3      | Found a shadowy altar of Dithmenos.
  3132 | D:4      | Reached skill level 5 in Shapeshifting
  3215 | D:4      | Noticed Grinder
  3270 | D:4      | Noticed Menkaure
  3283 | D:4      | Paralysed by Grinder for 2 turns
  3364 | D:4      | Noticed Ijyb
  3381 | D:4      | Killed Ijyb
  3567 | D:3      | Killed Menkaure
  3688 | D:4      | Found a staircase to the Ecumenical Temple.
  3706 | Temple   | Entered the Ecumenical Temple
  3816 | D:4      | Reached XP level 7. HP: 26/33 MP: 8/8
  3880 | D:4      | Reached skill level 5 in Fighting
  3954 | D:4      | Killed Grinder
  4092 | D:4      | Found a stormy altar of Qazlal.
  4400 | D:4      | Found an ornate altar of the Wu Jian Council.
  4420 | D:4      | Found a radiant altar of Vehumet.
  4420 | D:4      | Found a glowing golden altar of the Shining One.
  4422 | D:4      | Found a white marble altar of Elyvilon.
  4439 | D:5      | Entered Level 5 of the Dungeon
  4718 | D:5      | Noticed Eustachio
  4762 | D:5      | Reached XP level 8. HP: 19/37 MP: 9/9
  4780 | D:5      | Killed Eustachio
  4885 | D:5      | Found a sacrificial altar of Ru.
  5219 | D:5      | Found an opulent altar of Gozag.
  5574 | D:5      | Found an ancient bone altar of Kikubaaqudgha.
  5995 | D:5      | Became a worshipper of Gozag Ym Sagoz the Greedy
  6612 | D:6      | Reached XP level 9. HP: 24/43 MP: 10/10
  6619 | D:6      | Found Bixiges's Antique Weapon Boutique.
  6770 | D:6      | Reached skill level 10 in Dodging
  7206 | D:6      | Reached skill level 1 in Evocations
  8519 | D:7      | Reached XP level 10. HP: 45/49 MP: 11/11
  9512 | D:8      | Noticed a gargoyle
  9522 | D:8      | Killed from afar by a gargoyle
  9585 | D:8      | Killed a gargoyle
  9595 | D:8      | Noticed a gargoyle
  9601 | D:8      | Killed a gargoyle
  9614 | D:8      | Noticed a gargoyle
  9618 | D:8      | Killed a gargoyle
  9725 | D:8      | Noticed a gargoyle
  9733 | D:8      | Killed a gargoyle
  9858 | D:8      | Noticed a gargoyle
  9869 | D:8      | Killed a gargoyle
  9870 | D:8      | Reached skill level 10 in Shapeshifting
 10063 | D:8      | Found Hughusua's Assorted Antiques.
 10071 | D:8      | Bought a fizzy orange potion for 27 gold pieces
 10071 | D:8      | Bought a wand of flame (7) for 147 gold pieces
 10718 | D:8      | Found a transporter.
 10722 | D:8      | Noticed a sun demon
 10881 | D:8      | Found a transporter.
 10964 | D:8      | Found a hazy altar of Hepliaklqana.
 11021 | D:8      | Found a one-way gate to the infinite horrors of the Abyss.
 11264 | D:9      | Found a staircase to the Lair.
 11300 | D:9      | Reached XP level 11. HP: 34/53 MP: 12/12
 11790 | D:9      | Reached skill level 10 in Fighting
 12022 | D:9      | Found a staircase to the Orcish Mines.
 12520 | Lair:1   | Entered Level 1 of the Lair of Beasts
 13215 | Lair:1   | Noticed Jeremiah
 13237 | Lair:1   | Killed Jeremiah
 13588 | Lair:1   | Reached skill level 5 in Unarmed Combat
 14169 | Lair:1   | Reached skill level 5 in Stealth
 14610 | Lair:1   | Bought a book of Lightning for 540 gold pieces
 14615 | Lair:1   | Learned a level 4 spell: Vhi's Electric Charge
 14881 | Lair:1   | Gained mutation: Your thick and shaggy fur keeps you warm.
                  | (AC +3, rC+) [Felid growth]
 14881 | Lair:1   | Reached XP level 12. HP: 47/60 MP: 13/13
 16053 | Lair:2   | HP: 3/60 [dream sheep (10)]
 16057 | Lair:1   | Slain by a dream sheep
 16598 | Lair:2   | Found a staircase to the Shoals.
 17216 | Lair:2   | Found a transporter.
 17229 | Lair:2   | Found a transporter.
 17230 | Lair:2   | Noticed a boulder beetle
 17646 | Lair:3   | Found a gate leading to a gauntlet.
 17687 | Gauntlet | Entered a Gauntlet
 17687 | Gauntlet | Noticed a dire elephant
 17687 | Gauntlet | Found a transporter.
 17690 | Gauntlet | Found a transporter.
 17699 | Gauntlet | Found a transporter.
 17704 | Gauntlet | Noticed a green death
 17705 | Gauntlet | Noticed an entropy weaver
 17706 | Gauntlet | Found a transporter.
 17706 | Gauntlet | Found a transporter.
 17708 | Gauntlet | Found a transporter.
 17710 | Gauntlet | Found a transporter.
 17737 | Gauntlet | Found a transporter.
 17774 | Gauntlet | Found a runed translucent door.
 17775 | Gauntlet | Found a transporter.
 17775 | Gauntlet | Noticed a ghost crab
 17777 | Gauntlet | Found a transporter.
 17781 | Gauntlet | Found a transporter.
 17792 | Gauntlet | Found a transporter.
 17844 | Gauntlet | Found a runed translucent door.
 17915 | Gauntlet | Identified the ring of Kindness {rPois rN+ MP-9 Dex+9}
 17925 | Gauntlet | Killed a ghost crab
 17981 | Gauntlet | Slain by a sun demon
 18017 | Gauntlet | Identified the amulet of Zatsuq {rElec rF- Will+ Regen+}
 18034 | Gauntlet | Noticed a minotaur
 18045 | Gauntlet | Killed a minotaur
 18046 | Gauntlet | Reached XP level 13. HP: 22/65 MP: 5/14
 18051 | Gauntlet | Got a droning book
 18127 | Lair:3   | Found a hole to the Spider Nest.
 18626 | Lair:3   | Noticed Gastronok
 18641 | Lair:3   | Killed Gastronok
 19310 | Lair:4   | Found a viscous altar of Jiyva.
 19321 | Lair:4   | Found a staircase to the Slime Pits.
 19324 | Lair:4   | Found a snail-covered altar of Cheibriados.
 19379 | Lair:4   | Noticed Urug
 19391 | Lair:4   | Killed Urug
 19485 | Lair:4   | Noticed Snorg
 19686 | Lair:4   | Killed Snorg
 19825 | Lair:4   | Found the ring of Shadows {Umbra +Inv Stlth+}
 19844 | Lair:4   | Reached skill level 10 in Unarmed Combat
 20435 | Lair:5   | Entered Level 5 of the Lair of Beasts
 20509 | Lair:5   | Slain by a polar bear
 20613 | Lair:5   | HP: 3/66 [cane toad (23)]
 20614 | Lair:4   | Succumbed to a cane toad's poison

Illustrated notes

Levels and vault maps discovered:
D:1:      noname_arrival_rooms_in_the_neighbourhood, layout_basic,
          basic_ecumenical_altar
D:2:      layout_basic, uniq_natasha
D:3:      layout_loops_ring, nicolae_dithmenos_the_darkroom,
          lightli_sewer_entry_pipes
D:4:      layout_cave_pools, nicolae_overflow_hidden_temple,
          minmay_temple_entry_statues_fountains, uniq_ijyb, uniq_menkaure,
          uniq_grinder
D:5:      layout_basic, nicolae_overflow_crystal_walls,
          nicolae_ru_sacrificial_ziggurat, mainiacjoe_overflow_paths,
          uniq_eustachio
D:6:      minmay_thinvault, layout_basic, serial_shops, shop
D:7:      layout_basic
D:8:      cheibrodos_statue_roulette, layout_loops_corners,
          mainiacjoe_overflow_catwalk, serial_shops, shop,
          gammafunk_ghost_abyssal_escape, amethyst_killhole
D:9:      layout_roguey, david_lair_generic, david_orc_2
Temple:   nicolae_temple_slightly_damp_pantheon
Lair:1:   lemuel_ratsnest, layout_regular_city, serial_bayou_lagoon_b,
          uniq_jeremiah
Lair:2:   gammafunk_boulding_lane, layout_regular_city, minmay_shoals_entry_hut,
          beast_lair_carwin_8
Lair:3:   layout_roguey, hellmonk_spider_entry_not_the_bees,
          gauntlet_entry_generic, chequers_serial_rivers_room_b, st_stairs_9,
          uniq_gastronok
Lair:4:   dreamdust_cave_troll, layout_cave_shapes, slime_entry_1,
          lemuel_oklob_altar, uniq_urug, uniq_snorg
Lair:5:   hangedman_lair_tendril_chambers, layout_cave_pods, wormcave

Skill      XL: |  1  2  3  4  5  6  7  8  9 10 11 12 13 |
---------------+----------------------------------------+-----
Fighting       | 2 3 4 5 7 9 11 12 13 | 13.0
Dodging        | 4 5 6 8 9 10 12 13 14 | 14.2
Stealth        | 1 2 3 4 5 |  5.0
Shapeshifting  | 4 5 6 7 9 11 14 | 14.0
Evocations     | 1 2 3 |  3.0
Unarmed Combat | 6 10 | 10.0

Action                     |  1- 3 |  4- 6 |  7- 9 | 10-12 | 13-15 || total
---------------------------+-------+-------+-------+-------+-------++-------
  Melee: Unarmed           |    90 |   222 |   413 |  1095 |   263 ||  2083
         Bite              |     6 |    20 |    58 |   190 |    48 ||   322
         Punch             |     2 |     4 |     5 |       |       ||    11
 Invoke: Call Merchant     |       |       |       |     1 |       ||     1
Ability: Evoke Invisibilit |       |       |       |       |     1 ||     1
  Evoke: Wand              |       |       |     6 |     1 |    18 ||    25
    Use: Potion            |     1 |     2 |       |    14 |     1 ||    18
         Scroll            |       |     4 |     5 |     4 |     5 ||    18
   Stab: Sleeping          |     2 |     4 |     4 |     2 |     3 ||    15
         Distracted        |       |       |     2 |     8 |     1 ||    11
         Paralysed         |       |       |       |     3 |     2 ||     5
 Armour: Skin              |    29 |    57 |   119 |   310 |    97 ||   612
  Dodge: Dodged            |    51 |   185 |   402 |  1145 |   364 ||  2147
   Form: Flux              |       |       |     2 |       |       ||     2
         Beast             |       |       |     1 |       |       ||     1

Table legend: (Time is in decaauts)
 A = Elapsed time spent in this place.
 B = Non-inter-level travel time spent in this place.
 C = Inter-level travel time spent in this place.
 D = Time resting spent in this place.
 E = Time spent auto-exploring this place.
 F = Levels seen in this place.
 G = Mean time per level.
                   A        B        C        D        E       F      G
               +--------+--------+--------+--------+--------+-----+--------+
         Total |  18246 |  16987 |   1259 |   5318 |   5811 |  17 | 1073.3 |
       Dungeon |  10820 |   9928 |    892 |   2901 |   4036 |   9 | 1202.2 |
        Temple |     73 |     41 |     32 |      0 |      0 |   1 |   73.0 |
          Lair |   6734 |   6400 |    334 |   2337 |   1706 |   5 | 1346.8 |
         Sewer |    228 |    228 |      0 |      0 |     68 |   1 |  228.0 |
      Gauntlet |    389 |    389 |      0 |     79 |      0 |   1 |  389.0 |
               +--------+--------+--------+--------+--------+-----+--------+

Top non-repeatable levels by time:
  Lair:1: 2715 daAuts
  Lair:2: 1780 daAuts
     D:8: 1735 daAuts
     D:6: 1418 daAuts
     D:4: 1369 daAuts
     D:7: 1213 daAuts
     D:5: 1162 daAuts
     D:9: 1152 daAuts
  Lair:3: 1107 daAuts
  Lair:4: 1052 daAuts
     D:3: 1050 daAuts
     D:1: 1000 daAuts
     D:2: 717 daAuts
Gauntlet: 389 daAuts
   Sewer: 228 daAuts
